[Event "ICC tourney 2928 (40 10)"]
[Site "Internet Chess Club"]
[Date "2022.06.04"]
[Round "1"]
[White "RAMAN, ARJUN:jojoraman"]
[Black "Ledas, Armandas:ArmandasLedas"]
[Result "1-0"]
[ICCResult "Black resigns"]
[WhiteElo "1619"]
[BlackElo "1378"]
[Opening "Sicilian defense"]
[ECO "B73"]
[NIC "SI.34"]
[Time "11:00:19"]
[PlyCount "27"]
[TimeControl "2400+10"]

1. e4 c5 2. Nf3 Nc6 3. d4 cxd4 4. Nxd4 Nf6 5. Nc3 g6 6. Be3 Bg7 7. Be2 O-O
8. O-O d6 9. f3 Qc7 10. Qd2 Rd8 11. Bc4 e6 12. Bb3 b6 13. Ncb5 Qe7 14. Nxc6
{Black resigns}
1-0

[Event "ICC tourney 2928 (40 10)"]
[Site "Internet Chess Club"]
[Date "2022.06.04"]
[Round "1"]
[White "DUBE, DANIEL:betterone76"]
[Black "S.M, UMER:uncrackable"]
[Result "0-1"]
[ICCResult "White resigns"]
[WhiteElo "1521"]
[BlackElo "1800"]
[Opening "King's Indian: Andersson variation"]
[ECO "E92"]
[NIC "KI.18"]
[Time "11:00:24"]
[PlyCount "120"]
[TimeControl "2400+10"]

1. d4 Nf6 2. c4 g6 3. Nc3 Bg7 4. e4 d6 5. Nf3 O-O 6. Be2 e5 7. dxe5 dxe5 8.
Qxd8 Rxd8 9. Bg5 Na6 10. Nd5 Nxd5 11. Bxd8 Nf4 12. Bg5 Nxg2+ 13. Kf1 Bh3 14.
Rg1 Ne3+ 15. Ke1 Nc2+ 16. Kd2 Nxa1 17. Rxa1 f6 18. Be3 Rd8+ 19. Kc3 Bf8 20.
a3 Bc5 21. b4 Bxe3 22. fxe3 c6 23. c5 Nc7 24. a4 Bg4 25. Rb1 Bxf3 26. Bxf3
Ne6 27. Kc4 Rd2 28. b5 Rc2+ 29. Kd3 Rxc5 30. Bd1 cxb5 31. axb5 Rc7 32. Bb3
Kf7 33. Ra1 b6 34. Bc4 Ke7 35. Bd5 Nc5+ 36. Ke2 f5 37. exf5 gxf5 38. Rg1 Kd6
39. Bc6 a6 40. Rg8 axb5 41. Bxb5 Ne4 42. Bd3 Nc3+ 43. Kd2 e4 44. Bc2 Nd5 45.
h4 Nxe3 46. Bxe4 Nc4+ 47. Kd3 fxe4+ 48. Kxe4 b5 49. h5 Rc5 50. h6 Rh5 51.
Rb8 Kc6 52. Ra8 Rxh6 53. Ra6+ Nb6 54. Kf4 b4 55. Ra2 Kb5 56. Kg5 Rh1 57. Rb2
Na4 58. Rb3 Nc5 59. Rb2 b3 60. Kf4 Nd3+ {White resigns} 0-1

[Event "ICC tourney 2928 (40 10)"]
[Site "Internet Chess Club"]
[Date "2022.06.04"]
[Round "1"]
[White "FURMAN, MIKHAIL:mfurm"]
[Black "CAO, DANIEL:danielcao"]
[Result "1-0"]
[ICCResult "Black resigns"]
[WhiteElo "1583"]
[BlackElo "1285"]
[Opening "English opening"]
[ECO "A05"]
[NIC "QP.11"]
[Time "11:00:21"]
[PlyCount "35"]
[TimeControl "2400+10"]

1. Nf3 Nf6 2. c4 g6 3. g3 Bg7 4. Nc3 d5 5. cxd5 Nxd5 6. d4 O-O 7. Bg2 Bf5 8.
Qb3 Nc6 9. Nxd5 Na5 10. Qb5 c6 11. Nxe7+ Kh8 12. Qb4 Be6 13. Ne5 Bf6 14. Bd2
Bxe7 15. Qxa5 Qxd4 16. Bc3 b6 17. Bxd4 bxa5 18. Nxg6+ {Black resigns} 1-0

[Event "ICC tourney 2928 (40 10)"]
[Site "Internet Chess Club"]
[Date "2022.06.04"]
[Round "1"]
[White "McRoberts, Holly J:QueenHM"]
[Black "KRAJINOVIC, NIKOLA:NikolaKrajinov"]
[Result "0-1"]
[ICCResult "White checkmated"]
[WhiteElo "1370"]
[BlackElo "1617"]
[Opening "Philidor: Hanham variation"]
[ECO "C41"]
[NIC "KP.08"]
[Time "11:01:14"]
[PlyCount "44"]
[TimeControl "2400+10"]

1. e4 e5 2. Nf3 d6 3. d4 Nd7 4. Bc4 Be7 5. O-O Ngf6 6. Re1 O-O 7. Bg5 h6 8.
Be3 exd4 9. Nxd4 Ne5 10. Bb3 Nxe4 11. Bxh6 Nxf2 12. Qh5 Bg4 13. Bxf7+ Rxf7
14. Rxe5 Bxh5 15. Rxh5 gxh6 16. Nc3 Bg5 17. Re1 Ng4 18. Ne6 Qf6 19. Rxg5+
hxg5 20. Nd5 Qf2+ 21. Kh1 Qf1+ 22. Rxf1 Rxf1# {White checkmated} 0-1

[Event "ICC tourney 2928 (40 10)"]
[Site "Internet Chess Club"]
[Date "2022.06.04"]
[Round "1"]
[White "LAUSER, JESSICA T:Shakhmatova"]
[Black "LIN, MICHAEL:knightseu"]
[Result "0-1"]
[ICCResult "White resigns"]
[WhiteElo "1565"]
[BlackElo "1234"]
[Opening "Sicilian defense"]
[ECO "B20"]
[NIC "SI.48"]
[Time "11:00:44"]
[PlyCount "44"]
[TimeControl "2400+10"]

1. e4 c5 2. d3 g6 3. Nd2 Nc6 4. c3 Bg7 5. Ngf3 e6 6. Qe2 Qc7 7. g3 Nge7 8.
Bg2 O-O 9. O-O d5 10. Re1 Re8 11. Nf1 Bd7 12. Qc2 Rac8 13. h4 Qa5 14. e5 d4
15. N1d2 Rc7 16. Nc4 Qa6 17. Nd6 Rf8 18. Bf4 Nd5 19. a3 Nxe5 20. Nxe5 Nxf4
21. Nxd7 Rxd7 22. Nxb7 Nxg2 {White resigns} 0-1

[Event "ICC tourney 2928 (40 10)"]
[Site "Internet Chess Club"]
[Date "2022.06.04"]
[Round "1"]
[White "BERKLEY, DARRIN K:drberkley"]
[Black "SAPRU, AGASTYA:auggie29"]
[Result "0-1"]
[ICCResult "White checkmated"]
[WhiteElo "1761"]
[BlackElo "1518"]
[Opening "Sicilian: Grand Prix attack"]
[ECO "B23"]
[NIC "SI.44"]
[Time "11:00:53"]
[PlyCount "40"]
[TimeControl "2400+10"]

1. e4 c5 2. Nc3 Nc6 3. f4 e6 4. Nf3 d5 5. Bb5 Bd6 6. exd5 exd5 7. Nxd5 Be6
8. Qe2 Ne7 9. Nxe7 Qxe7 10. Bxc6+ bxc6 11. d3 O-O 12. O-O Rae8 13. Re1 Qc7
14. Qd2 Bd5 15. Rxe8 Rxe8 16. Ng5 Bxf4 17. Qc3 Bxh2+ 18. Kh1 Bxg2+ 19. Kxg2
Qg3+ 20. Kf1 Qg1# {White checkmated} 0-1

[Event "ICC tourney 2928 (40 10)"]
[Site "Internet Chess Club"]
[Date "2022.06.04"]
[Round "1"]
[White "WENG, JOHNSON:K01-30136161"]
[Black "SULTAN, BASHIR Cisse:muzikmixer"]
[Result "0-1"]
[ICCResult "White checkmated"]
[WhiteElo "1221"]
[BlackElo "1545"]
[Opening "Robatsch (modern) defense"]
[ECO "B06"]
[NIC "KF.05"]
[Time "11:00:24"]
[PlyCount "28"]
[TimeControl "2400+10"]

1. e4 g6 2. d4 Bg7 3. Nf3 d6 4. h3 Nc6 5. d5 Ne5 6. Nxe5 Bxe5 7. Nd2 c6 8.
dxc6 bxc6 9. Nf3 Bg7 10. Bc4 Nf6 11. e5 Ne4 12. exd6 Qa5+ 13. Bd2 Qc5 14.
Bb3 Qxf2# {White checkmated} 0-1

[Event "ICC tourney 2928 (40 10)"]
[Site "Internet Chess Club"]
[Date "2022.06.04"]
[Round "1"]
[White "VALE CRUZ, ARMIN:trucker"]
[Black "STINSON, RUSSELL:rcstinson"]
[Result "1-0"]
[ICCResult "Black resigns"]
[WhiteElo "1685"]
[BlackElo "1400"]
[Opening "French: advance, Euwe variation"]
[ECO "B40"]
[NIC "SI.43"]
[Time "11:00:22"]
[PlyCount "49"]
[TimeControl "2400+10"]

1. e4 c5 2. Nf3 e6 3. c3 d5 4. e5 Nc6 5. d4 Bd7 6. Bd3 cxd4 7. O-O Qb6 8.
Re1 Bc5 9. b4 Be7 10. b5 Na5 11. Nxd4 Bc5 12. Be3 Nc4 13. Bxc4 dxc4 14. a4
a6 15. Nd2 axb5 16. axb5 Rc8 17. Nxc4 Qc7 18. b6 Bxb6 19. Nd6+ Kf8 20. Nxc8
Bxc8 21. Nb5 Qxe5 22. Bxb6 Qxb5 23. Qd8+ Qe8 24. Bc5+ Ne7 25. Bxe7+
{Black resigns}
1-0

[Event "ICC tourney 2928 (40 10)"]
[Site "Internet Chess Club"]
[Date "2022.06.04"]
[Round "1"]
[White "BRUDNO, STEPHEN:StevChess01"]
[Black "DONG, RYAN PENG:ThePianoManRyan"]
[Result "0-1"]
[ICCResult "White checkmated"]
[WhiteElo "1532"]
[BlackElo "1190"]
[Opening "Nimzo-Indian: Sämisch variation"]
[ECO "E25"]
[NIC "NI.30"]
[Time "11:00:25"]
[PlyCount "78"]
[TimeControl "2400+10"]

1. d4 Nf6 2. c4 e6 3. Nc3 Bb4 4. f3 d5 5. a3 Bxc3+ 6. bxc3 c5 7. cxd5 Nxd5
8. Bd2 Nc6 9. e3 O-O 10. Ne2 cxd4 11. cxd4 e5 12. dxe5 Nxe5 13. Nc3 Re8 14.
Nxd5 Qxd5 15. Be2 Nd3+ 16. Kf1 Nc5 17. Rb1 Bd7 18. Bc1 Qxd1+ 19. Bxd1 Rad8
20. Be2 Ba4 21. Kf2 b6 22. e4 Nb3 23. Be3 Nd4 24. Rb4 Nxe2 25. Rxa4 Nc3 26.
Rxa7 f5 27. Bxb6 Rd2+ 28. Kg3 fxe4 29. Ba5 Ne2+ 30. Kg4 Rd5 31. fxe4 Rxe4+
32. Kf3 Re6 33. Ra8+ Kf7 34. Ra7+ Kg6 35. g3 Rf5+ 36. Kg2 Nd4 37. Rd1 Re2+
38. Kh3 Rh5+ 39. Kg4 Re4# {White checkmated} 0-1

[Event "ICC tourney 2928 (40 10)"]
[Site "Internet Chess Club"]
[Date "2022.06.04"]
[Round "1"]
[White "LEONG, ANSON:CaptainAL13"]
[Black "PU, LANDON:landonp"]
[Result "1-0"]
[ICCResult "Black forfeits on time"]
[WhiteElo "1378"]
[BlackElo "1627"]
[Opening "Giuoco Pianissimo: Italian four knights variation"]
[ECO "C50"]
[NIC "IG.02"]
[Time "11:00:20"]
[PlyCount "99"]
[TimeControl "2400+10"]

1. e4 e5 2. Nf3 Nc6 3. Bc4 Bc5 4. Nc3 Nf6 5. d3 d6 6. h3 Na5 7. Bb3 Nxb3 8.
axb3 h6 9. Bd2 a6 10. Qe2 O-O 11. g4 Nh7 12. O-O-O Be6 13. Rdg1 f6 14. h4
Re8 15. g5 h5 16. Ne1 Bg4 17. f3 Bxg1 18. Rxg1 Be6 19. Qg2 f5 20. g6 Nf6 21.
Bg5 f4 22. Qf2 Rf8 23. d4 Qe7 24. Ne2 Rad8 25. Qg2 Qe8 26. Bxf6 Rxf6 27. Qg5
Kf8 28. d5 Bg8 29. Qxh5 c6 30. Nc3 b5 31. Nd3 a5 32. Qg5 b4 33. Na4 cxd5 34.
h5 Qe7 35. exd5 Bxd5 36. h6 gxh6 37. Qxh6+ Qg7 38. Qg5 Ke7 39. Nb6 Rg8 40.
Nxd5+ Ke6 41. Nxf6 Qxf6 42. Qg4+ Ke7 43. Re1 Rxg6 44. Qxf4 Qg7 45. Qc4 Qh6+
46. Kb1 Rg3 47. Qc7+ Ke6 48. Rxe5+ dxe5 49. Qc6+ Kf5 50. Qxh6
{Black forfeits on time}
1-0

[Event "ICC tourney 2928 (40 10)"]
[Site "Internet Chess Club"]
[Date "2022.06.04"]
[Round "1"]
[White "HAMLETT, JAMES MORRISON:Hamlett144"]
[Black "PARAGUA, MEGAN ALTHEA:PrincessOfChess"]
[Result "0-1"]
[ICCResult "White resigns"]
[WhiteElo "1249"]
[BlackElo "1573"]
[Opening "Sicilian: closed"]
[ECO "B23"]
[NIC "SI.44"]
[Time "11:00:18"]
[PlyCount "61"]
[TimeControl "2400+10"]

1. e4 c5 2. Nc3 d6 3. f4 Nf6 4. Nf3 e6 5. Bb5+ Bd7 6. Bxd7+ Qxd7 7. O-O Be7
8. d3 O-O 9. Qe1 Nc6 10. a3 a6 11. Ne2 b5 12. h3 d5 13. e5 Ne8 14. g4 f6 15.
Qg3 Nc7 16. g5 fxe5 17. fxe5 d4 18. Nf4 Rf5 19. Nh5 Raf8 20. Nf6+ Bxf6 21.
gxf6 Kh8 22. Bg5 Nd5 23. Nh4 Rxe5 24. fxg7+ Qxg7 25. Rxf8+ Qxf8 26. Rf1 Qg7
27. Nf3 Rf5 28. h4 h6 29. Re1 hxg5 30. Nxg5 Ne3 31. Kh2 {White resigns} 0-1

[Event "ICC tourney 2928 (40 10)"]
[Site "Internet Chess Club"]
[Date "2022.06.04"]
[Round "1"]
[White "WU, NATHAN:nwazus"]
[Black "Feng, Jay:TheDeadlyPawn"]
[Result "0-1"]
[ICCResult "White checkmated"]
[WhiteElo "1287"]
[BlackElo "1586"]
[Opening "Caro-Kann: exchange variation"]
[ECO "B13"]
[NIC "CK.02"]
[Time "11:00:21"]
[PlyCount "120"]
[TimeControl "2400+10"]

1. e4 c6 2. d4 d5 3. exd5 cxd5 4. Nc3 Nf6 5. Nf3 Nc6 6. h3 Bf5 7. Bf4 e6 8.
Bd3 Bg6 9. O-O Be7 10. Qd2 O-O 11. Bxg6 hxg6 12. Rfe1 Rc8 13. a3 a6 14. Re2
Na5 15. Rae1 Nc4 16. Qc1 Nxa3 17. bxa3 Rxc3 18. Qb2 Qc8 19. Rb1 b5 20. Re3
Rxc2 21. Qb3 Rc1+ 22. Rxc1 Qxc1+ 23. Kh2 Rc8 24. Bg5 Qc4 25. Rd3 Bd6+ 26. g3
Ne4 27. Be3 Qxb3 28. Rxb3 Rc3 29. Rxc3 Nxc3 30. Bc1 Nb1 31. a4 b4 32. Nd2
Nc3 33. a5 Ne4 34. Nxe4 dxe4 35. Kg2 Bc7 36. Kf1 Bxa5 37. Bd2 b3 38. Bc1 Bc3
39. Ke2 b2 40. Bxb2 Bxb2 41. Ke3 a5 42. Kxe4 Kf8 43. d5 a4 44. Kd3 exd5 45.
Kc2 a3 46. Kb3 d4 47. f3 d3 48. g4 d2 49. Kc2 a2 50. Kxb2 d1=Q 51. Kxa2 Qd3
52. Kb2 Ke7 53. f4 Kd6 54. f5 Kc5 55. fxg6 fxg6 56. h4 Kc4 57. h5 Qc3+ 58.
Kb1 Qd2 59. h6 Kb3 60. hxg7 Qd1# {White checkmated} 0-1

[Event "ICC tourney 2928 (40 10)"]
[Site "Internet Chess Club"]
[Date "2022.06.04"]
[Round "1"]
[White "CAREY, MICHAEL P:xyzchessdude"]
[Black "JACKSON, MASSIMO MATEO:Yeetamus123"]
[Result "1-0"]
[ICCResult "Black checkmated"]
[WhiteElo "1822"]
[BlackElo "1525"]
[Opening "Réti opening"]
[ECO "A30"]
[NIC "EO.34"]
[Time "11:00:21"]
[PlyCount "67"]
[TimeControl "2400+10"]

1. Nf3 c5 2. c4 Nc6 3. Nc3 g6 4. e3 Bg7 5. d4 cxd4 6. exd4 e6 7. Be2 Nge7 8.
h4 d5 9. h5 dxc4 10. h6 Bf6 11. Bxc4 Nxd4 12. Nxd4 Qxd4 13. Qb3 Nc6 14. Be3
Qe5 15. O-O-O Bd7 16. Qxb7 Rd8 17. Rxd7 Rxd7 18. Qxc6 Kd8 19. Rd1 Qc7 20.
Qxc7+ Kxc7 21. Nb5+ Kc6 22. Nxa7+ Kc7 23. Bb6+ Kxb6 24. Rxd7 Ra8 25. Nb5 Ra4
26. Na3 Rb4 27. Bb3 Bg5+ 28. Kc2 Rf4 29. Nc4+ Ka6 30. f3 Rf5 31. Nd6 Rc5+
32. Bc4+ Kb6 33. b4 Rc6 34. Rb7# {Black checkmated} 1-0

[Event "ICC tourney 2928 (40 10)"]
[Site "Internet Chess Club"]
[Date "2022.06.04"]
[Round "1"]
[White "INDUKURI, SUHAS VARMA:Suhas12"]
[Black "GEVORGYAN, DAVIT:Davo29"]
[Result "1-0"]
[ICCResult "Black resigns"]
[WhiteElo "1510"]
[BlackElo "1715"]
[Opening "Sicilian: Pelikan (Lasker/Sveshnikov) variation"]
[ECO "B33"]
[NIC "SI.35"]
[Time "11:00:19"]
[PlyCount "61"]
[TimeControl "2400+10"]

1. e4 c5 2. Nf3 Nc6 3. d4 cxd4 4. Nxd4 Nf6 5. Nc3 e5 6. Nb3 Bb4 7. f3 d5 8.
exd5 Nxd5 9. Bd2 Bxc3 10. Bxc3 Nxc3 11. bxc3 Bf5 12. Bd3 Be6 13. Nc5 Qa5 14.
Ne4 O-O 15. Qd2 Rfd8 16. O-O Ne7 17. Qg5 Ng6 18. g3 f6 19. Qh5 Bf7 20. Qh3
Rac8 21. f4 exf4 22. gxf4 Bd5 23. Rf3 Bxe4 24. Bxe4 Qc5+ 25. Kh1 Re8 26. Bf5
Rc7 27. Be6+ Kh8 28. Rg1 Rce7 29. Qxh7+ Kxh7 30. Rh3+ Nh4 31. Rxh4+
{Black resigns}
1-0

[Event "ICC tourney 2928 (40 10)"]
[Site "Internet Chess Club"]
[Date "2022.06.04"]
[Round "1"]
[White "HANKE, HARVEY:ThinkingPanda"]
[Black "PUGH, RICHARD:rpughiii"]
[Result "0-1"]
[ICCResult "White checkmated"]
[WhiteElo "1601"]
[BlackElo "1367"]
[Opening "Owen defense"]
[ECO "B00"]
[NIC "VO.03"]
[Time "11:00:42"]
[PlyCount "64"]
[TimeControl "2400+10"]

1. e4 b6 2. d4 Bb7 3. Bd3 e6 4. Nf3 c5 5. c3 d5 6. e5 Ne7 7. h4 Nec6 8. h5
h6 9. Nbd2 Nd7 10. Nf1 Rc8 11. Ng3 cxd4 12. cxd4 Nb4 13. Bb1 Qc7 14. Bd2 Ba6
15. Bc3 Be7 16. a3 Nc6 17. Qa4 Qb7 18. Qd1 Na5 19. Nd2 Nc4 20. Nxc4 Bxc4 21.
Qg4 Bf8 22. f4 Nb8 23. f5 Qe7 24. fxe6 fxe6 25. Bg6+ Kd7 26. Kf2 Qg5 27.
Qxg5 hxg5 28. Rae1 Be7 29. Re3 Rcf8+ 30. Rf3 g4 31. Rxf8 Rxf8+ 32. Ke3 Bg5#
{White checkmated}
0-1

[Event "ICC tourney 2928 (40 10)"]
[Site "Internet Chess Club"]
[Date "2022.06.04"]
[Round "2"]
[White "JACKSON, MASSIMO MATEO:Yeetamus123"]
[Black "WU, NATHAN:nwazus"]
[Result "1-0"]
[ICCResult "Black resigns"]
[WhiteElo "1525"]
[BlackElo "1287"]
[Opening "Caro-Kann: exchange, Rubinstein variation"]
[ECO "B13"]
[NIC "CK.02"]
[Time "13:15:08"]
[PlyCount "77"]
[TimeControl "2400+10"]

1. e4 c6 2. d4 d5 3. exd5 cxd5 4. Bd3 Nc6 5. c3 Nf6 6. Bf4 Bg4 7. Qb3 Qd7 8.
Nd2 e6 9. Ngf3 Bd6 10. Bxd6 Qxd6 11. O-O O-O 12. Rfe1 Rab8 13. Ne5 Nd7 14.
Nxg4 Ne7 15. Qc2 Ng6 16. Nf3 Qf4 17. Nge5 Rbd8 18. Nxd7 Rxd7 19. Ne5 Nxe5
20. Rxe5 g6 21. Rae1 Qf6 22. Qd2 Rfd8 23. Qg5 Qxg5 24. Rxg5 a6 25. h4 Kg7
26. Re3 Kf8 27. h5 Ke7 28. hxg6 hxg6 29. f4 Rf8 30. f5 gxf5 31. Bxf5 Kf6 32.
Bxe6 fxe6 33. Rf3+ Ke7 34. Rg7+ Ke8 35. Rxf8+ Kxf8 36. Rxd7 b5 37. Rd6 e5
38. dxe5 Ke7 39. Rxa6 {Black resigns} 1-0

[Event "ICC tourney 2928 (40 10)"]
[Site "Internet Chess Club"]
[Date "2022.06.04"]
[Round "2"]
[White "CAO, DANIEL:danielcao"]
[Black "BRUDNO, STEPHEN:StevChess01"]
[Result "1-0"]
[ICCResult "Black checkmated"]
[WhiteElo "1285"]
[BlackElo "1532"]
[Opening "Sicilian: O'Kelly variation"]
[ECO "B28"]
[NIC "SI.43"]
[Time "13:15:09"]
[PlyCount "45"]
[TimeControl "2400+10"]

1. e4 c5 2. Nf3 a6 3. d4 cxd4 4. Nxd4 Nf6 5. Nc3 e5 6. Nf5 d5 7. Bg5 d4 8.
Nd5 Bxf5 9. Nxf6+ gxf6 10. Qf3 fxg5 11. exf5 Nc6 12. O-O-O Bd6 13. Bc4 O-O
14. h4 Be7 15. Kb1 gxh4 16. Bd3 Bf6 17. Qh5 Nb4 18. Be4 Nd5 19. c4 Nb4 20.
Rxh4 Bxh4 21. f6 h6 22. Qxh6 Qxf6 23. Qh7# {Black checkmated} 1-0

[Event "ICC tourney 2928 (40 10)"]
[Site "Internet Chess Club"]
[Date "2022.06.04"]
[Round "2"]
[White "GEVORGYAN, DAVIT:Davo29"]
[Black "DUBE, DANIEL:betterone76"]
[Result "1-0"]
[ICCResult "Black resigns"]
[WhiteElo "1715"]
[BlackElo "1521"]
[Opening "Caro-Kann: exchange, Rubinstein variation"]
[ECO "B13"]
[NIC "CK.02"]
[Time "13:15:07"]
[PlyCount "97"]
[TimeControl "2400+10"]

1. e4 c6 2. d4 d5 3. exd5 cxd5 4. Bd3 Nc6 5. c3 Nf6 6. Bf4 Bg4 7. Qb3 Qd7 8.
Nd2 e6 9. Ngf3 Bd6 10. Ne5 Qc7 11. O-O Bxe5 12. Bxe5 Nxe5 13. dxe5 Nd7 14.
f4 O-O 15. Qc2 g6 16. Nb3 f6 17. h3 Bf5 18. Bxf5 gxf5 19. Nd4 Rae8 20. Qf2
fxe5 21. fxe5 Qxe5 22. Rae1 Qf6 23. Qg3+ Kh8 24. Qd6 Rf7 25. Rxe6 Rxe6 26.
Qxe6 Qxe6 27. Nxe6 Nb6 28. Nd4 Nc4 29. Rxf5 Rxf5 30. Nxf5 Nxb2 31. Ne3 Kg7
32. Nxd5 Kf7 33. Kf1 Ke6 34. Ne3 b5 35. Ke2 Ke5 36. Nd1 Nc4 37. g3 Ke4 38.
Nf2+ Kf5 39. Kd3 Nb2+ 40. Kd4 Na4 41. Ne4 a6 42. Nc5 Nb2 43. Nxa6 Nd1 44.
Nc7 Nf2 45. Nxb5 Nxh3 46. a4 Ng5 47. a5 Ne6+ 48. Kd5 Nf8 49. Kd6 {Black
resigns} 1-0

[Event "ICC tourney 2928 (40 10)"]
[Site "Internet Chess Club"]
[Date "2022.06.04"]
[Round "2"]
[White "SAPRU, AGASTYA:auggie29"]
[Black "VALE CRUZ, ARMIN:trucker"]
[Result "0-1"]
[ICCResult "White checkmated"]
[WhiteElo "1518"]
[BlackElo "1685"]
[Opening "Grünfeld: Stockholm variation"]
[ECO "D80"]
[NIC "GI.03"]
[Time "13:15:14"]
[PlyCount "38"]
[TimeControl "2400+10"]

1. d4 Nf6 2. c4 g6 3. Nc3 d5 4. Bg5 Ne4 5. Nxe4 dxe4 6. e3 Bg7 7. f3 c5 8.
Qc2 cxd4 9. fxe4 Qa5+ 10. Qd2 Qxg5 11. Nf3 Qxe3+ 12. Qxe3 dxe3 13. Ke2 Nc6
14. Rb1 f5 15. Kxe3 fxe4 16. Nd2 Bh6+ 17. Ke2 Bf5 18. Re1 O-O-O 19. g3 Rxd2#
{White checkmated}
0-1

[Event "ICC tourney 2928 (40 10)"]
[Site "Internet Chess Club"]
[Date "2022.06.04"]
[Round "2"]
[White "DONG, RYAN PENG:ThePianoManRyan"]
[Black "GUO, ELLA:SunnyCountry"]
[Result "0-1"]
[ICCResult "White resigns"]
[WhiteElo "1190"]
[BlackElo "1441"]
[Opening "Sicilian: Najdorf variation"]
[ECO "B98"]
[NIC "SI.09"]
[Time "13:16:41"]
[PlyCount "84"]
[TimeControl "2400+10"]

1. e4 c5 2. Nf3 d6 3. d4 cxd4 4. Nxd4 Nf6 5. Nc3 a6 6. Bg5 e6 7. f4 Be7 8.
Qf3 Qc7 9. O-O-O h6 10. Bh4 Nbd7 11. g4 Rb8 12. Bxf6 Bxf6 13. g5 hxg5 14.
fxg5 Bxg5+ 15. Kb1 Bf6 16. h4 Ne5 17. Qf2 Qc5 18. Qd2 Be7 19. Nb3 Qc7 20.
Qg2 Rh7 21. h5 b5 22. h6 g6 23. Ne2 Bf8 24. Qg5 Qe7 25. Qd2 Bb7 26. Bg2 Ng4
27. Na5 Ba8 28. Nd4 Rc8 29. c4 bxc4 30. Qb4 Qc7 31. Rh4 Ne3 32. Qa4+ Qd7 33.
Qxd7+ Kxd7 34. Rd2 Nxg2 35. Rxg2 Rxh6 36. Rhg4 f5 37. exf5 gxf5 38. Rg7+ Ke8
39. R2g6 Be4+ 40. Kc1 Bxg7 41. Rxg7 Kf8 42. Rd7 e5 {White resigns} 0-1

[Event "ICC tourney 2928 (40 10)"]
[Site "Internet Chess Club"]
[Date "2022.06.04"]
[Round "2"]
[White "KRAJINOVIC, NIKOLA:NikolaKrajinov"]
[Black "INDUKURI, SUHAS VARMA:Suhas12"]
[Result "1-0"]
[ICCResult "Black checkmated"]
[WhiteElo "1617"]
[BlackElo "1510"]
[Opening "Queen's bishop game"]
[ECO "D02"]
[NIC "QP.06"]
[Time "13:15:06"]
[PlyCount "121"]
[TimeControl "2400+10"]

1. d4 Nf6 2. Nf3 d5 3. Bf4 e6 4. e3 c5 5. c3 Nc6 6. Bd3 Bd6 7. Bg3 O-O 8.
Nbd2 Qe7 9. a3 e5 10. dxe5 Nxe5 11. Nxe5 Bxe5 12. Bxe5 Qxe5 13. Nf3 Qe7 14.
h3 Ne4 15. O-O f5 16. Rc1 g5 17. Bxe4 dxe4 18. Nh2 Rf6 19. g4 f4 20. Qd5+
Re6 21. Rcd1 f3 22. Qd8+ Kg7 23. Qxe7+ Rxe7 24. Rd5 h6 25. Rxc5 b6 26. Rd5
Bb7 27. Rd4 Rc8 28. Rfd1 Rcc7 29. Nf1 Ba6 30. Ng3 Kg6 31. Nxe4 Bb7 32. Nd6
Bc6 33. Nf5 Rf7 34. Rd6+ Rf6 35. Rxf6+ Kxf6 36. Nxh6 Rh7 37. Rd6+ Kg7 38.
Nf5+ Kf7 39. Rxc6 Rxh3 40. Rc7+ Kf6 41. Rxa7 b5 42. Ng3 Rh4 43. Rb7 Rxg4 44.
Rxb5 Rh4 45. Ne4+ Rxe4 46. Rb4 Re8 47. Kh2 Kf5 48. Kg3 Rh8 49. Kxf3 Rh3+ 50.
Ke2 g4 51. a4 Rh2 52. Kf1 Rh1+ 53. Kg2 Rd1 54. c4 Kg5 55. b3 Kh4 56. c5 Rd2
57. c6 Rc2 58. Rc4 Rb2 59. c7 Rxb3 60. c8=Q Rb1 61. Qxg4# {Black checkmated}
1-0

[Event "ICC tourney 2928 (40 10)"]
[Site "Internet Chess Club"]
[Date "2022.06.04"]
[Round "2"]
[White "Feng, Jay:TheDeadlyPawn"]
[Black "LEONG, ANSON:CaptainAL13"]
[Result "0-1"]
[ICCResult "White forfeits on time"]
[WhiteElo "1586"]
[BlackElo "1378"]
[Opening "Queen's pawn: London system"]
[ECO "A45"]
[NIC "QP.07"]
[Time "13:16:22"]
[PlyCount "136"]
[TimeControl "2400+10"]

1. d4 Nf6 2. Bf4 g6 3. Nc3 Bg7 4. e4 d6 5. Qd2 O-O 6. O-O-O Re8 7. f3 Nc6 8.
Bh6 e5 9. d5 Ne7 10. h4 Nh5 11. Nge2 f5 12. exf5 Bxh6 13. Qxh6 Nxf5 14. Qg5
Qxg5+ 15. hxg5 Nhg3 16. Nxg3 Nxg3 17. Rh4 Bf5 18. Bd3 Kg7 19. Bxf5 Nxf5 20.
Rh3 Re7 21. Ne4 Ne3 22. Rdh1 Rh8 23. Nf6 h5 24. g4 Ng2 25. gxh5 Nf4 26. h6+
Kf7 27. R3h2 c6 28. Rd1 cxd5 29. Nxd5 Nxd5 30. Rxd5 Ke6 31. Rhd2 Rd7 32. Kd1
Kf5 33. Rg2 Kf4 34. Ke2 Kf5 35. Ke3 Ke6 36. Ke4 Rf7 37. Rg4 Rc8 38. Rd2 d5+
39. Ke3 Rcf8 40. Rg3 Rf4 41. Rh2 d4+ 42. Ke2 Rc8 43. Kd3 Kd5 44. Rgh3 Rh8
45. c4+ dxc3 46. bxc3 Rf5 47. Rg3 Ke6 48. Rh4 Rd8+ 49. Kc2 Rh8 50. Rb4 b6
51. Rc4 Kd6 52. Kd3 b5 53. Re4 Rf7 54. c4 bxc4+ 55. Rxc4 Ke6 56. Ra4 Rd8+
57. Ke3 Rfd7 58. Ra3 Kf5 59. Rc3 Rd1 60. Rg4 Re1+ 61. Kf2 Rh1 62. Rc7 Rd2+
63. Ke3 Rhh2 64. Rf7+ Ke6 65. Rf6+ Ke7 66. f4 Rhe2+ 67. Kf3 e4+ 68. Kg3 Rd3+
{White forfeits on time}
0-1

[Event "ICC tourney 2928 (40 10)"]
[Site "Internet Chess Club"]
[Date "2022.06.04"]
[Round "2"]
[White "PUGH, RICHARD:rpughiii"]
[Black "RAMAN, ARJUN:jojoraman"]
[Result "0-1"]
[ICCResult "White resigns"]
[WhiteElo "1367"]
[BlackElo "1619"]
[Opening "Nimzovich-Larsen attack: classical variation"]
[ECO "A01"]
[NIC "VO.08"]
[Time "13:15:05"]
[PlyCount "104"]
[TimeControl "2400+10"]

1. b3 d5 2. Bb2 Bf5 3. e3 e6 4. Nf3 Nf6 5. d3 Bd6 6. Nbd2 Bg6 7. Be2 O-O 8.
O-O c5 9. Ne5 Bxe5 10. Bxe5 Nc6 11. Bb2 b6 12. Nf3 Rc8 13. Nh4 d4 14. Nxg6
hxg6 15. e4 e5 16. Bc1 Nd7 17. f4 f5 18. exf5 gxf5 19. Bf3 Ne7 20. Re1 exf4
21. Bxf4 Nf6 22. Bb7 Rc7 23. Bxc7 Qxc7 24. Bf3 Ned5 25. Bxd5+ Nxd5 26. Qf3
Ne3 27. Rxe3 dxe3 28. Qxe3 g6 29. Qe6+ Kg7 30. Re1 Rf7 31. Qe5+ Qxe5 32.
Rxe5 Rd7 33. Re6 Kf7 34. Rc6 Re7 35. Kf2 Rd7 36. a4 Rb7 37. a5 g5 38. a6 Rd7
39. Rc8 Ke7 40. Rb8 Ke6 41. Rb7 Kd6 42. Kf3 Rxb7 43. axb7 Kc7 44. h4 gxh4
45. Kf4 Kxb7 46. Kxf5 a5 47. Kg4 b5 48. Kf3 a4 49. bxa4 bxa4 50. Ke2 a3 51.
Kd2 a2 52. Kc1 a1=Q+ {White resigns} 0-1

[Event "ICC tourney 2928 (40 10)"]
[Site "Internet Chess Club"]
[Date "2022.06.04"]
[Round "2"]
[White "PU, LANDON:landonp"]
[Black "STINSON, RUSSELL:rcstinson"]
[Result "1-0"]
[ICCResult "Black resigns"]
[WhiteElo "1627"]
[BlackElo "1400"]
[Opening "Sicilian defense"]
[ECO "B41"]
[NIC "SI.41"]
[Time "13:15:12"]
[PlyCount "69"]
[TimeControl "2400+10"]

1. e4 c5 2. Nf3 e6 3. d4 cxd4 4. Nxd4 Bc5 5. Be3 Qb6 6. b3 Nc6 7. c3 Nf6 8.
Nd2 Nxd4 9. Nc4 Qc7 10. cxd4 Bb4+ 11. Bd2 Bxd2+ 12. Nxd2 d5 13. e5 Nd7 14.
Rc1 Qd8 15. Qg4 O-O 16. Bd3 f5 17. exf6 Nxf6 18. Qg3 Qb6 19. Qh4 e5 20. dxe5
Ne4 21. Nxe4 Qb4+ 22. Ke2 dxe4 23. Qxe4 Rxf2+ 24. Kxf2 Qd2+ 25. Kf3 Bg4+ 26.
Kxg4 h5+ 27. Kh3 Rd8 28. Qh7+ Kf8 29. Rhf1+ Ke7 30. Qxg7+ Ke6 31. Qf7+ Kxe5
32. Qf5+ Kd6 33. Qc5+ Ke6 34. Bc4+ Kd7 35. Rf7+ {Black resigns} 1-0